TOP OF THE 1ST |
Montgomery Grey Sox batting - Pitching for El Paso Texans : RHP António Lara
|
Pitching: RHP António Lara
|
|
Batting: LHB Marcos Féliz
|
0-0: Foul Ball, location: 2F 0-1: Foul Ball, location: 2F 0-2: Ball 1-2: Strikes out swinging
|
Batting: RHB Randall James
|
0-0: Ball 1-0: Ball 2-0: Swinging Strike 2-1: Ball 3-1: Foul Ball, location: 2F 3-2: Base on Balls
|
Batting: RHB Marvin Kidd
|
0-0: Called Strike Randall James steals 2nd base 0-1: Ball 1-1: Swinging Strike 1-2: Foul Ball, location: 2F 1-2: Ball 2-2: Foul Ball, location: 2F 2-2: SINGLE (Line Drive, 7S) Randall James to third
|
Batting: RHB Andrew Lewis
|
0-0: Ball 1-0: Fly out, F8 (Flyball, 8RS) Runner from 3rd tags up, SCORES, no throw
|
Batting: RHB Luis Pineda
|
0-0: Called Strike 0-1: Called Strike 0-2: Ball 1-2: Foul Ball, location: 2F 1-2: Strikes out swinging
|
Top of the 1st over - 1 run, 1 hit, 0 errors, 1 left on base; Montgomery 1 - El Paso 0 |
BOTTOM OF THE 1ST |
El Paso Texans batting - Pitching for Montgomery Grey Sox : LHP Pete Shirley
|
Pitching: LHP Pete Shirley
|
|
Batting: LHB Mark Spencer
|
0-0: Called Strike 0-1: Ball 1-1: Called Strike 1-2: Ball 2-2: Strikes out swinging
|
Batting: RHB Cole Boehmer
|
0-0: Called Strike 0-1: Foul Ball, location: 2F 0-2: Ball 1-2: Strikes out swinging
|
Batting: RHB Howard Lynch
|
0-0: Ball 1-0: Foul Ball, location: 2F 1-1: Foul Ball, location: 2F 1-2: Ball 2-2: Foul Ball, location: 2F 2-2: SINGLE (Groundball, 34D)
|
Batting: RHB Domingo Morales
|
0-0: Ball 1-0: Foul Ball, location: 2F 1-1: Called Strike 1-2: Foul Ball, location: 2F 1-2: Ball 2-2: Strikes out looking
|
Bottom of the 1st over - 0 runs, 1 hit, 0 errors, 1 left on base; Montgomery 1 - El Paso 0 |
TOP OF THE 2ND |
Montgomery Grey Sox batting - Pitching for El Paso Texans : RHP António Lara
|
Batting: RHB Greg Williams
|
0-0: Called Strike 0-1: Ground out 5-3 (Groundball, 56S)
|
Batting: RHB Jorge Guzmán
|
0-0: Called Strike 0-1: Fly out, F8 (Flyball, 8RM)
|
Batting: RHB António Nevárez
|
0-0: Ball 1-0: Called Strike 1-1: Foul Ball, location: 2F 1-2: Strikes out swinging
|
Top of the 2nd over - 0 runs, 0 hits, 0 errors, 0 left on base; Montgomery 1 - El Paso 0 |
BOTTOM OF THE 2ND |
El Paso Texans batting - Pitching for Montgomery Grey Sox : LHP Pete Shirley
|
Batting: RHB Jim MacAchounich
|
0-0: Ball 1-0: Foul Ball, location: 2F 1-1: Ball 2-1: Ball 3-1: Base on Balls
|
Batting: SHB Oliver Riley
|
0-0: Called Strike 0-1: Ball Wild Pitch! Jim MacAchounich to second 1-1: Ball 2-1: Swinging Strike 2-2: Ball 3-2: Foul Ball, location: 2F 3-2: Base on Balls
|
Batting: LHB John Fitzgerald
|
0-0: Ball Wild Pitch! Jim MacAchounich to third Oliver Riley to second 1-0: Foul Ball, location: 2F 1-1: Swinging Strike 1-2: Ground out U3 (Groundball, 3S)
|
Batting: RHB Gabriel Santana
|
0-0: TRIPLE (Line Drive, 78D) Jim MacAchounich scores Oliver Riley scores
|
Batting: SHB Miguel Hurtado
|
0-0: Foul Ball, location: 2F 0-1: Swinging Strike 0-2: Strikes out looking
|
Batting: LHB Mark Spencer
|
0-0: Called Strike 0-1: Called Strike 0-2: Strikes out looking
|
Bottom of the 2nd over - 2 runs, 1 hit, 0 errors, 1 left on base; Montgomery 1 - El Paso 2 |
TOP OF THE 3RD |
Montgomery Grey Sox batting - Pitching for El Paso Texans : RHP António Lara
|
Batting: RHB Joe LaFontaine
|
0-0: Ground out 5-3 (Groundball, 56)
|
Batting: LHB Marcos Féliz
|
0-0: Swinging Strike 0-1: Ball 1-1: Ball 2-1: Called Strike 2-2: Ball 3-2: Strikes out swinging
|
Batting: RHB Randall James
|
0-0: Foul Ball, location: 2F 0-1: Called Strike 0-2: Ball 1-2: Strikes out swinging
|
Top of the 3rd over - 0 runs, 0 hits, 0 errors, 0 left on base; Montgomery 1 - El Paso 2 |
BOTTOM OF THE 3RD |
El Paso Texans batting - Pitching for Montgomery Grey Sox : LHP Pete Shirley
|
Batting: RHB Cole Boehmer
|
0-0: SOLO HOME RUN (Flyball, 9LD), Distance : 369 ft
|
Batting: RHB Howard Lynch
|
0-0: Ball 1-0: Ball 2-0: Called Strike 2-1: Foul Ball, location: 2F 2-2: Strikes out looking
|
Batting: RHB Domingo Morales
|
0-0: Fly out, F5 (Line Drive, 5S)
|
Batting: RHB Jim MacAchounich
|
0-0: Foul Ball, location: 2F 0-1: Foul Ball, location: 2F 0-2: Ball 1-2: Ball 2-2: Foul Ball, location: 2F 2-2: Foul Ball, location: 2F 2-2: Fly out, F8 (Flyball, 8RS)
|
Bottom of the 3rd over - 1 run, 1 hit, 0 errors, 0 left on base; Montgomery 1 - El Paso 3 |
TOP OF THE 4TH |
Montgomery Grey Sox batting - Pitching for El Paso Texans : RHP António Lara
|
Batting: SHB Rob Lowe
|
0-0: Foul Ball, location: 2F 0-1: Swinging Strike 0-2: Strikes out swinging
|
Batting: RHB Andrew Lewis
|
0-0: Foul Ball, location: 2F 0-1: Swinging Strike 0-2: Strikes out swinging
|
Batting: RHB Luis Pineda
|
0-0: Ball 1-0: Called Strike 1-1: Ball 2-1: DOUBLE (Groundball, 5L)
|
Batting: RHB Greg Williams
|
0-0: Ball 1-0: Ball 2-0: Called Strike 2-1: Ground out 1-3 (Groundball, 13)
|
Top of the 4th over - 0 runs, 1 hit, 0 errors, 1 left on base; Montgomery 1 - El Paso 3 |
BOTTOM OF THE 4TH |
El Paso Texans batting - Pitching for Montgomery Grey Sox : LHP Pete Shirley
|
Now in CF: Rob Lowe
|
|
Batting: SHB Oliver Riley
|
0-0: Called Strike 0-1: Ball 1-1: Swinging Strike 1-2: Strikes out looking
|
Batting: LHB John Fitzgerald
|
0-0: Foul Ball, location: 2F 0-1: Foul Ball, location: 2F 0-2: Ball 1-2: Ball 2-2: Foul Ball, location: 2F 2-2: Ball 3-2: Ground out 5-3 (Groundball, 5)
|
Batting: RHB Gabriel Santana
|
0-0: Called Strike 0-1: Ball 1-1: SINGLE (Flyball, 78M)
|
Batting: SHB Miguel Hurtado
|
0-0: Foul Ball, location: 2F 0-1: Foul Ball, location: 2F 0-2: Ball 1-2: Ground out 4-3 (Groundball, 4)
|
Bottom of the 4th over - 0 runs, 1 hit, 0 errors, 1 left on base; Montgomery 1 - El Paso 3 |
TOP OF THE 5TH |
Montgomery Grey Sox batting - Pitching for El Paso Texans : RHP António Lara
|
Batting: RHB Jorge Guzmán
|
0-0: Foul Ball, location: 2F 0-1: Ball 1-1: Ball 2-1: SINGLE (Groundball, 56D)
|
Batting: RHB António Nevárez
|
0-0: Ball 1-0: Ball 2-0: Called Strike 2-1: Ball 3-1: Foul Ball, location: 2F 3-2: Base on Balls Jorge Guzmán to second
|
Batting: RHB Joe LaFontaine
|
0-0: Ball 1-0: Ball 2-0: SINGLE (Groundball, 34S) (infield hit) Jorge Guzmán to third António Nevárez to second
|
Batting: LHB Marcos Féliz
|
0-0: Ball 1-0: Ball 2-0: Called Strike 2-1: Foul Ball, location: 2F 2-2: Ball 3-2: Base on Balls Jorge Guzmán scores António Nevárez to third Joe LaFontaine to second
|
Batting: RHB Randall James
|
0-0: Ball 1-0: Ball 2-0: Ball 3-0: Base on Balls António Nevárez scores Joe LaFontaine to third Marcos Féliz to second
|
Batting: SHB Rob Lowe
|
0-0: Ball 1-0: Fielders Choice at 2nd, 4-6 (Groundball, 4) Joe LaFontaine scores Marcos Féliz to third
|
Batting: RHB Andrew Lewis
|
0-0: Ball 1-0: Ball 2-0: Called Strike 2-1: Ball 3-1: Called Strike 3-2: SINGLE (Groundball, 4MD) Marcos Féliz scores Rob Lowe to second Runner from 2nd tries for 3rd, SAFE, no throw
|
Batting: RHB Luis Pineda
|
0-0: Ball 1-0: Ball 2-0: Swinging Strike 2-1: Ball 3-1: Base on Balls Andrew Lewis to second
|
Batting: RHB Greg Williams
|
0-0: Ball 1-0: Called Strike 1-1: Swinging Strike 1-2: Strikes out swinging
|
Batting: RHB Jorge Guzmán
|
0-0: Ball 1-0: Reached on error, E4 (Groundball, 4) Rob Lowe scores Andrew Lewis to third Luis Pineda to second
|
Batting: RHB António Nevárez
|
0-0: Called Strike 0-1: Foul Ball, location: 2F 0-2: Foul Ball, location: 2F 0-2: Ball 1-2: Fly out, F8 (Flyball, 8RS)
|
Top of the 5th over - 5 runs, 3 hits, 1 error, 3 left on base; Montgomery 6 - El Paso 3 |
BOTTOM OF THE 5TH |
El Paso Texans batting - Pitching for Montgomery Grey Sox : LHP Pete Shirley
|
Batting: LHB Mark Spencer
|
0-0: Called Strike 0-1: Ball 1-1: Ball 2-1: Ball 3-1: Ground out 4-3 (Groundball, 4S)
|
Batting: RHB Cole Boehmer
|
0-0: Ball 1-0: Ball 2-0: Called Strike 2-1: Ball 3-1: SINGLE (Groundball, 56D)
|
Batting: RHB Howard Lynch
|
0-0: Ball 1-0: Grounds into double play, 5-4-3 (Groundball, 5)
|
Bottom of the 5th over - 0 runs, 1 hit, 0 errors, 0 left on base; Montgomery 6 - El Paso 3 |
TOP OF THE 6TH |
Montgomery Grey Sox batting - Pitching for El Paso Texans : RHP António Lara
|
Pitching: RHP Mike Church
|
|
Batting: RHB Joe LaFontaine
|
0-0: Ball 1-0: Called Strike 1-1: Ball 2-1: Fly out, F7 (Flyball, 78M)
|
Batting: LHB Marcos Féliz
|
0-0: Ball 1-0: Hit by Pitch
|
Batting: RHB Randall James
|
0-0: Ball 1-0: Ball 2-0: Called Strike Marcos Féliz steals 2nd base 2-1: Intentional Walk
|
Batting: SHB Rob Lowe
|
0-0: Called Strike 0-1: Foul Ball, location: 2F 0-2: Foul Ball, location: 2F 0-2: Fly out, F9 (Flyball, 9LSF)
|
Batting: RHB Andrew Lewis
|
0-0: Swinging Strike 0-1: Called Strike 0-2: Strikes out looking
|
Top of the 6th over - 0 runs, 0 hits, 0 errors, 2 left on base; Montgomery 6 - El Paso 3 |
BOTTOM OF THE 6TH |
El Paso Texans batting - Pitching for Montgomery Grey Sox : LHP Pete Shirley
|
Batting: RHB Domingo Morales
|
0-0: Ball 1-0: Ball 2-0: Ground out 1-3 (Groundball, 13)
|
Batting: RHB Jim MacAchounich
|
0-0: Called Strike 0-1: Ball 1-1: Foul Ball, location: 2F 1-2: Ball 2-2: SINGLE (Flyball, 9LS)
|
Batting: SHB Oliver Riley
|
0-0: Called Strike 0-1: Ball 1-1: Ball 2-1: Ball 3-1: Fly out, F8 (Flyball, 8RD)
|
Batting: LHB John Fitzgerald
|
0-0: Ball 1-0: Called Strike 1-1: Called Strike 1-2: Strikes out swinging
|
Bottom of the 6th over - 0 runs, 1 hit, 0 errors, 1 left on base; Montgomery 6 - El Paso 3 |
TOP OF THE 7TH |
Montgomery Grey Sox batting - Pitching for El Paso Texans : RHP Mike Church
|
Batting: RHB Luis Pineda
|
0-0: DOUBLE (Line Drive, 9LM)
|
Batting: RHB Greg Williams
|
0-0: Called Strike 0-1: Foul Ball, location: 2F 0-2: Ball 1-2: Foul Ball, location: 2F 1-2: Foul Ball, location: 2F 1-2: Strikes out swinging
|
Batting: RHB Jorge Guzmán
|
0-0: Called Strike 0-1: Called Strike 0-2: Foul Ball, location: 2F 0-2: Foul Ball, location: 2F 0-2: Strikes out swinging
|
Batting: RHB António Nevárez
|
0-0: DOUBLE (Line Drive, 7LS) Luis Pineda scores
|
Batting: RHB Joe LaFontaine
|
0-0: Swinging Strike 0-1: Swinging Strike 0-2: Fly out, F9 (Flyball, 89M)
|
Top of the 7th over - 1 run, 2 hits, 0 errors, 1 left on base; Montgomery 7 - El Paso 3 |
BOTTOM OF THE 7TH |
El Paso Texans batting - Pitching for Montgomery Grey Sox : LHP Pete Shirley
|
Pitching: LHP Alberto Macías
|
|
Batting: RHB Gabriel Santana
|
0-0: Ball 1-0: Ball 2-0: Foul Ball, location: 2F 2-1: Ball 3-1: Foul Ball, location: 2F 3-2: Foul Ball, location: 2F 3-2: Base on Balls
|
Batting: SHB Miguel Hurtado
|
0-0: Ball 1-0: Grounds into double play, 1-4-3 (Groundball, 15)
|
Batting: LHB Mark Spencer
|
0-0: Ball 1-0: SINGLE (Groundball, 6MD)
|
Batting: RHB Cole Boehmer
|
0-0: Ball 1-0: Called Strike 1-1: Ball 2-1: Fly out, F8 (Flyball, 78D)
|
Bottom of the 7th over - 0 runs, 1 hit, 0 errors, 1 left on base; Montgomery 7 - El Paso 3 |
TOP OF THE 8TH |
Montgomery Grey Sox batting - Pitching for El Paso Texans : RHP Mike Church
|
Batting: LHB Marcos Féliz
|
0-0: Ball 1-0: Called Strike 1-1: Ball 2-1: Ball 3-1: Base on Balls
|
Batting: RHB Randall James
|
0-0: Bunted foul 0-1: Sac Bunt - play at first, batter OUT! 1-4 Marcos Féliz to second
|
Batting: SHB Rob Lowe
|
0-0: Ball 1-0: Called Strike 1-1: Foul Ball, location: 2F 1-2: Fly out, F7 (Flyball, 7D)
|
Batting: RHB Andrew Lewis
|
0-0: Ball Marcos Féliz steals 3rd base 1-0: Ball 2-0: Ball 3-0: Base on Balls
|
Batting: RHB Luis Pineda
|
0-0: Ball 1-0: Ball 2-0: Ball 3-0: Called Strike 3-1: Swinging Strike 3-2: Strikes out swinging
|
Top of the 8th over - 0 runs, 0 hits, 0 errors, 2 left on base; Montgomery 7 - El Paso 3 |
BOTTOM OF THE 8TH |
El Paso Texans batting - Pitching for Montgomery Grey Sox : LHP Alberto Macías
|
Batting: RHB Howard Lynch
|
0-0: Ball 1-0: Foul Ball, location: 2F 1-1: Ball 2-1: Ball 3-1: Called Strike 3-2: Foul Ball, location: 2F 3-2: SINGLE (Flyball, 89M)
|
Batting: RHB Domingo Morales
|
0-0: Foul Ball, location: 2F 0-1: Foul Ball, location: 2F 0-2: Strikes out swinging
|
Batting: RHB Jim MacAchounich
|
0-0: Called Strike 0-1: Foul Ball, location: 2F 0-2: Ball 1-2: Ball 2-2: Fielders Choice at 2nd, 3-6 (Groundball, 3)
|
Batting: SHB Oliver Riley
|
0-0: Ball 1-0: Ball 2-0: Called Strike 2-1: Swinging Strike 2-2: SINGLE (Line Drive, 8LS) Jim MacAchounich to second Runner from 2nd tries for 3rd, SAFE, no throw
|
Batting: LHB John Fitzgerald
|
0-0: Ball 1-0: Ball 2-0: Ball 3-0: Base on Balls Oliver Riley to second
|
Batting: RHB Gabriel Santana
|
0-0: Ball 1-0: Foul Ball, location: 2F 1-1: Ball 2-1: Ground out 5-3 (Groundball, 56S)
|
Bottom of the 8th over - 0 runs, 2 hits, 0 errors, 3 left on base; Montgomery 7 - El Paso 3 |
TOP OF THE 9TH |
Montgomery Grey Sox batting - Pitching for El Paso Texans : RHP Mike Church
|
Batting: RHB Greg Williams
|
0-0: Ball 1-0: Ball 2-0: Ground out 4-3 (Groundball, 4)
|
Batting: RHB Jorge Guzmán
|
0-0: Ball 1-0: Called Strike 1-1: Called Strike 1-2: Strikes out swinging
|
Pitching: RHP Derek Baker
|
|
Batting: RHB António Nevárez
|
0-0: Foul Ball, location: 2F 0-1: Foul Ball, location: 2F 0-2: Ball 1-2: Ball 2-2: Strikes out swinging
|
Top of the 9th over - 0 runs, 0 hits, 0 errors, 0 left on base; Montgomery 7 - El Paso 3 |
BOTTOM OF THE 9TH |
El Paso Texans batting - Pitching for Montgomery Grey Sox : LHP Alberto Macías
|
Batting: SHB Miguel Hurtado
|
0-0: Ball 1-0: Ball 2-0: Swinging Strike 2-1: Foul Ball, location: 2F 2-2: Ground out U3 (Groundball, 34)
|
Batting: LHB Mark Spencer
|
0-0: Ball 1-0: Called Strike 1-1: Ball 2-1: Ground out 4-3 (Groundball, 4)
|
Batting: RHB Cole Boehmer
|
0-0: Ball 1-0: SINGLE (Line Drive, 5D)
|
Batting: RHB Howard Lynch
|
0-0: Ball 1-0: Ball 2-0: Foul Ball, location: 2F 2-1: Foul Ball, location: 2F 2-2: Foul Ball, location: 2F 2-2: Ball 3-2: Strikes out looking
|
Bottom of the 9th over - 0 runs, 1 hit, 0 errors, 1 left on base; Montgomery 7 - El Paso 3 |
|